 Dungeon Crawl Stone Soup version 0.18-a0-1637-g109f206 (webtiles) character file.

54 Geeful the Insei (level 3, -2/23 HPs)
             Began as an Octopode Transmuter on Mar 26, 2016.
             Slain by a goblin (4 damage)
             ... on level 2 of the Dungeon.
             The game lasted 00:03:07 (1554 turns).

Geeful the Insei (Octopode Transmuter)              Turns: 1554, Time: 00:03:07

Health: -2/23      AC:  1    Str: 14    XL:     3   Next: 91%
Magic:  3/6        EV: 12    Int: 15    God:
Gold:   24         SH:  0    Dex: 13    Spells: 2 memorised, 3 levels left

rFire  . . .     SeeInvis .       - Unarmed
rCold  . . .     Gourm    .     (no shield)
rNeg   . . .     Faith    .     (helmet restricted)
rPois  .         Spirit   .     (no amulet)
rElec  .         Dismiss  .     e - +5 ring of strength
rCorr  .         Reflect  .     (no ring)
SustAt .         Harm     .     (no ring)
MR     .....                    (no ring)
Stlth  ++........               (no ring)
                                (no ring)
                                (no ring)
                                (no ring)

@: appendage, not resistant to hostile enchantments, unstealthy
A: almost no armour, amphibious, 8 rings, constrict 8, tentacle spike 3,
camouflage 1, gelatinous body 1
a: End Transformation


You were on level 2 of the Dungeon.
You were not hungry.
One of your tentacles had a temporary spike.
You visited 1 branch of the dungeon, and saw 2 of its levels.

You collected 24 gold pieces.

Inventory:

Hand Weapons
 g - a +0 dagger of venom
Missiles
 a - 27 arrows
Jewellery
 e - a +5 ring of strength (left tentacle)
Scrolls
 i - a scroll of enchant weapon {unknown}
Potions
 h - a potion of lignification {unknown}
Books
 b - a book of Changes

   Spells                             Type                      Level
   a - Beastly Appendage              Transmutation                1
   b - Sticks to Snakes               Transmutation                2
   c - Spider Form                    Transmutation/Poison         3
   d - Ice Form                       Ice/Transmutation            4
   e - Blade Hands                    Transmutation                5
Comestibles
 c - 2 bread rations
 d - a beef jerky
 f - 5 chunks of flesh
 j - a meat ration


   Skills:
 - Level 1.0 Fighting
 - Level 2.0 Dodging
 * Level 3.6 Unarmed Combat
 + Level 2.3 Spellcasting
 * Level 3.1 Transmutations


You had 3 spell levels left.
You knew the following spells:

 Your Spells              Type           Power        Failure   Level  Hunger
a - Beastly Appendage     Trmt           ##....       8%          1    #......
b - Sticks to Snakes      Trmt           ##......     12%         2    ###....


Dungeon Overview and Level Annotations

Branches:
Dungeon (2/15)

Altars:


Innate Abilities, Weirdness & Mutations

You cannot wear most types of armour.
You are amphibious.
You can wear up to eight rings at the same time.
You can use your tentacles to constrict eight enemies at once.
Your skin changes colour to match your surroundings (Stealth).
Your rubbery body absorbs attacks (AC +1).
One of your tentacles bears a large vicious spike.


Message History

The stone closely misses you.
You see here a bread ration.
The hobgoblin hits you with a club.
The goblin shoots a stone.
The stone hits you.
You see here a stone.
The hobgoblin hits you with a club.
The goblin shoots a stone.
The stone hits you.
* * * LOW HITPOINT WARNING * * *
You see here a stone.
Casting: Beastly Appendage
Confirm with . or Enter, or press ? or * to list all spells.
One of your tentacles grows a vicious spike.
The hobgoblin hits you with a club.
* * * LOW HITPOINT WARNING * * *
Casting: Beastly Appendage
Confirm with . or Enter, or press ? or * to list all spells.
You create a snake!
You now have 27 arrows.
The hobgoblin barely misses you.
The goblin unwields an uncursed hunting sling.
The goblin hits you.
You die...

##########
.........#############
########......#......#
#######.#g.....#
....)(..S(@g...#
#######...###### #.###
...# ###.# #.# #.# #.#


You could see a hobgoblin, a goblin and a friendly ball python.

Vanquished Creatures
  2 oozes (D:1)
  2 giant geckos (D:1)
  A ball python (D:1)
  2 giant cockroaches (D:1)
  5 goblins
  9 hobgoblins
  7 bats (D:1)
  A giant newt (D:1)
  2 kobolds (D:1)
  3 rats (D:1)
34 creatures vanquished.

Vanquished Creatures (collateral kills)
  An adder (D:2)
  A giant cockroach (D:2)
2 creatures vanquished.

Grand Total: 36 creatures vanquished

Notes
Turn   | Place    | Note
--------------------------------------------------------------
     0 | D:1      | Geeful the Octopode Transmuter began the quest for the Orb.
     0 | D:1      | Reached XP level 1. HP: 13/13 MP: 3/3
   306 | D:1      | Reached XP level 2. HP: 9/18 MP: 5/5
   908 | D:1      | Reached XP level 3. HP: 23/23 MP: 6/6
   912 | D:1      | Learned a level 2 spell: Sticks to Snakes
  1554 | D:2      | Slain by a goblin

Vault maps used:
D:1:      lightli_arrival_statue_moat
D:2:      kennysheep_generic_room_5

Skill      XL: |  1  2  3 |
---------------+----------+-----
Transmutations | 3 |  3.1
Fighting       | |  1.0
Dodging        | |  2.0
Unarmed Combat | |  3.6
Spellcasting   | |  2.3

Action                   || total
-------------------------++-------
Melee: Unarmed           ||    76
 Cast: Beastly Appendage ||     8
       Sticks to Snakes  ||     3
  Use: Scroll            ||     1
  Eat: Chunk             ||     2
